 Dungeon Crawl Stone Soup version 0.20.1-1-g8b1a95d (webtiles) character file.

61 namelastname112 the Scratcher (level 3, -9/17 HPs)
             Began as a Felid Chaos Knight on July 19, 2017.
             Killed by divine providence
             ... invoked by an orc priest
              (14 damage)
             ... on level 3 of the Dungeon.
             The game lasted 00:02:04 (1918 turns).

namelastname112 the Scratcher (Felid Chaos Knight)  Turns: 1918, Time: 00:02:05

Health: -9/17      AC:  1    Str:  8    XL:     3   Next: 83%
Magic:  4/4        EV: 19    Int: 13    God:    Xom [..*...]
Gold:   151        SH:  0    Dex: 16    Spells: 2/2 levels left
                                        Lives:  0   Deaths: 0

rFire    . . .     SeeInvis +     - Unarmed
rCold    . . .     Gourm    .   (shield unavailable)
rNeg     . . .     Faith    .   (armour unavailable)
rPois    .         Spirit   .   (helmet unavailable)
rElec    .         Reflect  .   (cloak unavailable)
rCorr    .         Harm     .   (gloves unavailable)
MR       +....                  (boots unavailable)
Stlth    ++........             (no amulet)
Regen    0.1/turn               j - ring of protection from magic
MPRegen  0.1/turn               (no ring)

@: quick
A: no armour, no weapons or thrown items, stealth, claws 1, fangs 3, see
invisible, carnivore 3, speed 1, shaggy fur 1, slow metabolism 1, sharp paws
a: Renounce Religion


You were on level 3 of the Dungeon.
You worshipped Xom.
You were a toy of Xom.
You were very full.

You visited 1 branch of the dungeon, and saw 3 of its levels.

You collected 151 gold pieces.

Inventory:

Jewellery
 j - a ring of protection from magic (left paw)
Scrolls
 e - 2 scrolls of remove curse
 f - 2 scrolls of amnesia {unknown}
 g - 3 scrolls of enchant weapon {unknown}
 h - 2 scrolls of teleportation {unknown}
 i - a scroll of magic mapping {unknown}
 m - a scroll of fog {unknown}
Potions
 c - 2 potions of curing {unknown}
 d - a potion of magic {unknown}
 k - 2 potions of flight {unknown}
 l - a potion of heal wounds {unknown}
 n - a potion of invisibility {unknown}
 o - a potion of cancellation {unknown}
Comestibles
 a - a meat ration
 b - a royal jelly


   Skills:
 + Level 3.3 Fighting
 + Level 3.7 Dodging
 + Level 1.3 Stealth
 * Level 4.2 Unarmed Combat


You had 2 spell levels left.
You didn't know any spells.

Dungeon Overview and Level Annotations

Branches:
Dungeon (3/15)

Altars:
Hepliaklqana
Xom


Innate Abilities, Weirdness & Mutations

You cannot wear armour.
You are incapable of wielding weapons or throwing items.
Your paws allow you to move quietly. (Stealth)
You have sharp claws.
You have razor-sharp teeth.
You have supernaturally acute eyesight. (SInv)
You are carnivorous and can eat meat at any time.
You cover ground quickly.
You are covered in fur. (AC +1)
You have a slow metabolism.
Your sharp claws are effective at attacking unaware monsters.


Message History

The orc priest is lightly wounded.
The orc priest closely misses you.
You scratch the orc priest.
The orc priest is heavily wounded.
The orc priest completely misses you. The orc priest closely misses you.
You closely miss the orc priest.
You bite the orc priest, but do no damage.
The orc priest is heavily wounded.
The orc priest completely misses you.
You barely miss the orc priest. Your bite misses the orc priest.
The orc priest is heavily wounded.
The orc priest hits you with a hand axe.
* * * LOW HITPOINT WARNING * * *
You scratch the orc priest but do no damage.
The orc priest is heavily wounded.
The orc priest mumbles some strange prayers to Beogh against you.
Beogh smites you!
Ouch! That really hurt!
You die...
Xom bursts into laughter!

##.. . .o..... ##. #..##.. #..
#..##.. ##.## ###..###. ...
.....o.. #.# #..####
...#.############.######..####
.........))..@ow..............
########################..####
#..# ####


You could see a worm and an orc priest.

Vanquished Creatures
  A worker ant (D:3)
  An ooze (D:2)
  A worm (D:2)
  2 dart slugs (D:2)
  2 orcs (D:3)
  3 goblins
  5 hobgoblins
  A hobgoblin (shapeshifter) (D:3)
  4 kobolds
  2 bats (D:2)
  A frilled lizard (D:1)
  3 rats
26 creatures vanquished.

Notes
Turn   | Place    | Note
-------+----------+-------------------------------------------
     0 | D:1      | namelastname112 the Felid Chaos Knight began the quest for the Orb.
     0 | D:1      | Reached XP level 1. HP: 10/10 MP: 2/2
   632 | D:1      | XOM: silly message
   821 | D:2      | Reached XP level 2. HP: 14/14 MP: 3/3
   954 | D:2      | Found a shimmering altar of Xom.
   956 | D:2      | Found a hazy altar of Hepliaklqana.
   956 | D:2      | Noticed a sphinx zombie
   957 | D:2      | Noticed a spectral ugly thing
   957 | D:2      | Noticed a sphinx zombie
  1346 | D:2      | XOM: divination: magic mapping
  1386 | D:3      | Reached XP level 3. HP: 17/17 MP: 4/4
  1400 | D:3      | Reached skill level 4 in Unarmed Combat
  1709 | D:3      | Reached skill level 1 in Stealth
  1821 | D:3      | XOM: cloud trail
  1918 | D:3      | Killed from afar by an orc priest

Skill      XL: |  1  2  3 |
---------------+----------+-----
Unarmed Combat | 4 |  4.2
Stealth        | 1 |  1.3
Fighting       | |  3.3
Dodging        | |  3.7

Action                   || total
-------------------------++-------
Melee: Unarmed           ||    77
       Bite              ||     9
  Use: Scroll            ||     1
 Stab: Sleeping          ||     5
  Eat: Chunk             ||     7
Dodge: Dodged            ||    58
